 Dungeon Crawl Stone Soup version 0.20-a0-1122-gb7cbeb9 (webtiles) character file.

30 anfisbena the Shield-Bearer (level 3, 16/19 HPs)
             Began as a Vine Stalker Fighter on May 14, 2017.
             Got out of the dungeon alive.
             The game lasted 00:00:58 (727 turns).

anfisbena the Shield-Bearer (Vine Stalker Fighter)   Turns: 727, Time: 00:00:59

Health: 16/19      AC:  7    Str: 18    XL:     3   Next: 20%
Magic:  4/4        EV:  7    Int:  8    God:
Gold:   94         SH:  9    Dex: 14    Spells: 2/2 levels left

rFire    . . .     SeeInvis .   i - -3 dagger (curse)
rCold    . . .     Gourm    .   c - +0 shield
rNeg     . . .     Faith    .   b - +0 scale mail
rPois    .         Spirit   +   g - +0 helmet
rElec    .         Reflect  .   (no cloak)
rCorr    .         Harm     .   (no gloves)
MR       .....                  (no boots)
Stlth    +.........             (no amulet)
Regen    0.1/turn               (no ring)
MPRegen  0.1/turn               (no ring)

@: no status effects
A: fangs 2, magic shield, antimagic bite, no potion heal 3, rot immunity
a: no special abilities


You escaped.
You were not hungry.

You visited 1 branch of the dungeon, and saw 2 of its levels.

You collected 94 gold pieces.

Inventory:

Hand Weapons
 a - a +0 rapier
 i - a cursed -3 dagger (weapon)
Armour
 b - a +0 scale mail (worn)
 c - a +0 shield (worn)
 g - a +0 helmet (worn)
 m - a +0 pair of boots
Scrolls
 n - a scroll of random uselessness {unknown}
 o - a scroll of fear {unknown}
Potions
 d - a potion of might
 e - 2 potions of flight {unknown}
 k - 4 potions of curing {unknown}
Comestibles
 f - 2 bread rations
 h - a chunk of flesh
 j - a royal jelly
 l - a meat ration


   Skills:
 - Level 2.6 Fighting
 + Level 2.5 Short Blades
 - Level 2.4 Armour
 + Level 2.4 Stealth
 - Level 2.6 Shields


You had 2 spell levels left.
You didn't know any spells.

Dungeon Overview and Level Annotations

Branches:
Dungeon (2/15)

Altars:


Innate Abilities, Weirdness & Mutations

You have extremely sharp teeth.
When hurt, damage is shared between your health and your magic reserves.
Your bite disrupts and absorbs the magic of your enemies.
Potions cannot restore your health.
You are immune to rotting.


Message History

No target in view!
No target in view!
No target in view!
No target in view!
No target in view!
No target in view!
No target in view!
No target in view!
No target in view!
No target in view!
No target in view!
(D) Dungeon
Where to? (Enter - D:2, ? - help)
What level of the Dungeon? (default 1, ? - help)
There is a stone staircase leading up here.
You climb upwards.
There is a stone staircase leading down here.
There is a staircase leading out of the dungeon here.
Are you sure you want to leave the Dungeon?
This will make you lose the game!
You have escaped!

....#............##.............#
...).......##....##....##.......#
##.........##..........##........
#....##.........................
#....##...................##....
##.........................##....
##...............................
##..##...........................
....##.......^..@...........##...
##..........................##...
#...............................
##...##..........................
.....##...................##.....
.....)....................##.....
.........##..........##..........
....>....##....##....##.........#
....#..........##...............#


There were no monsters in sight!

Vanquished Creatures
  2 dart slugs (D:2)
  A leopard gecko (D:1)
  4 giant cockroaches (D:1)
  7 goblins
  A hobgoblin (D:1)
  3 bats
  3 frilled lizards (D:1)
  2 rats
23 creatures vanquished.

Notes
Turn   | Place    | Note
-------+----------+-------------------------------------------
     0 | D:1      | anfisbena the Vine Stalker Fighter began the quest for the Orb.
     0 | D:1      | Reached XP level 1. HP: 11/11 MP: 2/2
    58 | D:1      | Reached skill level 1 in Stealth
    85 | D:1      | Reached XP level 2. HP: 16/16 MP: 3/3
   643 | D:2      | Reached XP level 3. HP: 19/19 MP: 4/4
   727 | D:$      | Got out of the dungeon alive.

Vault maps used:
D:1:      dpeg_arrival_stonehenge_12_columns, corexii_leaking_fountain
D:2:      st_stairs_3, grunt_decor_mini_mirrors, minmay_pentomino_w2

Skill      XL: |  1  2 |
---------------+-------+-----
Short Blades   | 2 |  2.5
Stealth        | 1 2 |  2.4
Fighting       | |  2.6
Armour         | |  2.4
Shields        | |  2.6

Action                   || total
-------------------------++-------
Melee: Rapier            ||    19
       Bite              ||    36
       Dagger            ||    95
Armor: Scale mail        ||    36
Dodge: Dodged            ||    28
Block: Shield            ||    53
